 Dungeon Crawl Stone Soup version 0.24-a0-358-g53aee78b01 (webtiles) character file.

Game seed: 5584855045420183610

68 mhoghedin the Poker (level 4, -1/60 HPs)
             Began as a Minotaur Chaos Knight on May 25, 2019.
             Was a Plaything of Xom.
             Slain by a gnoll
             ... wielding a +1 halberd of venom
              (12 damage)
             ... on level 2 of the Dungeon.
             The game lasted 00:01:16 (1003 turns).

mhoghedin the Poker (Minotaur Chaos Knight)         Turns: 1003, Time: 00:01:17

Health: -1/60      AC:  5    Str: 23    XL:     4   Next: 1%
Magic:  3/3        EV: 12    Int:  9    God:    Xom [...*..]
Gold:   87         SH:  0    Dex:  9    Spells: 3/3 levels left

rFire    . . .     SeeInvis .   a - +0 spear (chaos)
rCold    . . .     Gourm    .   (no shield)
rNeg     . . .     Faith    .   b - +2 leather armour
rPois    .         Spirit   .   (helmet restricted)
rElec    .         Reflect  .   (no cloak)
rCorr    .         Harm     .   (no gloves)
MR       .....                  (no boots)
Stlth    ..........             (no amulet)
HPRegen  0.20/turn              (no ring)
MPRegen  0.08/turn              (no ring)

@: berserking, lethally poisoned (-1 -> -32), very quick
A: retaliatory headbutt, horns 2
a: Renounce Religion


You were on level 2 of the Dungeon.
You worshipped Xom.
You were a favourite toy of Xom.
You were not hungry.

You visited 1 branch of the dungeon, and saw 2 of its levels.

You collected 87 gold pieces.

Inventory:

Hand Weapons
 a - a +0 spear of chaos (weapon)
Missiles
 j - a throwing net {=f, !d}
Armour
 b - a +2 leather armour (worn)
Scrolls
 e - a scroll of enchant armour {unknown}
 f - 2 scrolls of identify {unknown}
 g - a scroll of teleportation {unknown}
 h - a scroll of immolation {unknown}
 l - a scroll of remove curse {unknown}
 m - a scroll of magic mapping {unknown}
Potions
 d - a potion of mutation {unknown}
 i - 2 potions of berserk rage {!q}
Comestibles
 c - 5 rations


   Skills:
 + Level 4.3 Fighting
 + Level 4.3 Polearms
 + Level 3.3 Armour
 + Level 2.2 Dodging


You had 3 spell levels left.
You didn't know any spells.
Your spell library was empty.

Dungeon Overview and Level Annotations

Branches:
Dungeon (2/15)

Altars:
Okawaru
Qazlal


Innate Abilities, Weirdness & Mutations

You reflexively headbutt those who attack you in melee.
You have a pair of horns on your head.


Message History

No target in view!
No target in view!
No target in view!
No target in view!
m - a scroll labeled NOIXEU RYSA You see here a club.
A quokka comes into view.
No target in view!
The quokka is too close now for your liking.
A quokka is nearby!
Attack whom?
Aim: a quokka You reach to attack!
You miss the quokka.
A quokka is nearby!
Unknown command.
You hit the quokka. The quokka closely misses you.
You hit the quokka. You freeze the quokka.
You kill the quokka!
No target in view!
All of the chunks of flesh in your inventory have rotted away.
A leopard gecko comes into view.
The leopard gecko hisses angrily.
A leopard gecko is nearby!
Attack whom?
Aim: a leopard gecko (clinging)
You reach to attack!
You hit the leopard gecko. The leopard gecko bites you.
You take 2 damage, and have 31/33 hp.
You closely miss the leopard gecko. The leopard gecko barely misses you.
You hit the leopard gecko.
The leopard gecko is poisoned.
Your headbutt misses the leopard gecko. The leopard gecko bites you.
You take 5 damage, and have 26/33 hp.
You closely miss the leopard gecko. The leopard gecko bites you.
Your goblin zombie hits the leopard gecko but does no damage.
You take 4 damage, and have 22/33 hp.
You hit the leopard gecko but do no damage.
The leopard gecko barely misses you.
You barely miss the leopard gecko.
You kill the leopard gecko!
No target in view!
No target in view!
No target in view!
No target in view!
You are now a favourite toy of Xom. 3 gnolls come into view.
A gnoll is wielding a +1 halberd of venom.
The gnoll shouts! x3
There are monsters nearby!
You closely miss the gnoll. You headbutt the gnoll.
The gnoll closely misses you.
You hit the gnoll but do no damage.
You headbutt the gnoll, but do no damage.
The gnoll closely misses you. x2
You closely miss the gnoll. You headbutt the gnoll.
The gnoll barely misses you. x2
You barely miss the gnoll. The gnoll hits you but does no damage.
You hit the gnoll.
You kill the gnoll!
You have reached level 4!
You feel stronger. The gnoll closely misses you.
You regained 5 hp, and now have 29/40 hp.
MP restored: 3 You swap places.
Your goblin zombie hits the gnoll but does no damage.
Attack whom?
Aim: a gnoll, wielding a +1 halberd of venom You could not reach far enough!
The gnoll hits you but does no damage.
You are poisoned.
Your goblin zombie hits the gnoll but does no damage.
Attack whom?
Aim: a gnoll, wielding a +1 halberd of venom You could not reach far enough!
You feel sick.
The gnoll hits you from afar with a +1 halberd of venom!
You are lethally poisoned!
You take 15 damage, and have 14/40 hp.
MASSIVE DAMAGE!!
Attack whom?
Aim: a gnoll, wielding a +1 halberd of venom You could not reach far enough!
* * * LOW HITPOINT WARNING * * *
You feel sick.
Your goblin zombie hits the gnoll but does no damage.
You take 2 damage, and have 12/40 hp.
It was a potion of berserk rage.
A red film seems to cover your vision as you go berserk!
You feel yourself moving faster!
You feel mighty!
Xom thinks this is hilarious!
* * * LOW HITPOINT WARNING * * *
You feel very sick.
The gnoll hits you from afar with a +1 halberd of venom.
* * * LOW HITPOINT WARNING * * *
You are more poisoned.
Your goblin zombie hits the gnoll with a +0 dagger.
You now have 13/60 hp.
You swap places.
You feel a strong urge to attack something.
* * * LOW HITPOINT WARNING * * *
You feel sick.
The gnoll hits you with a +1 halberd of venom!
You die...

###
#####.....
#Z@gg.....
###.###.####
##.......#
#....##...#
#...........
#..####...##
#..# .##
#..# #..#


You could see 2 gnolls and a friendly goblin zombie.

Vanquished Creatures
  A gnoll (D:2)
  3 adders (D:2)
  2 dart slugs (D:1)
  A leopard gecko (D:2)
  5 bats
  3 giant cockroaches
  A goblin (D:2)
  2 hobgoblins (D:1)
  3 jackals (D:2)
  A quokka (D:2)
  A frilled lizard (D:1)
  4 rats
27 creatures vanquished.

Notes
Turn   | Place    | Note
-------+----------+-------------------------------------------
     0 | D:1      | mhoghedin the Minotaur Chaos Knight began the quest for the
                  | Orb.
     0 | D:1      | Reached XP level 1. HP: 19/19 MP: 0/0
   139 | D:1      | Found an iron altar of Okawaru.
   143 | D:1      | Reached XP level 2. HP: 27/27 MP: 1/1
   618 | D:1      | XOM: harmless Necr miscast
   684 | D:2      | XOM: 1-stop teleportation journey
   693 | D:2      | Reached skill level 4 in Polearms
   722 | D:2      | Reached skill level 4 in Fighting
   722 | D:2      | Reached skill level 3 in Armour
   722 | D:2      | Reached XP level 3. HP: 21/33 MP: 2/2
   739 | D:2      | Reached skill level 2 in Dodging
   918 | D:2      | Found a stormy altar of Qazlal.
   997 | D:2      | Reached XP level 4. HP: 29/40 MP: 3/3
  1002 | D:2      | HP: 13/60 [gnoll/+1 halberd of venom (3)]
  1003 | D:2      | Slain by a gnoll

Levels and vault maps discovered:
D:1:      psy_arrival_radial01, layout_basic, nrook_mini_vaults,
          dk_noncrumbling_3, chequers_arboretum, minmay_misc_feat_roman,
          okawaru_ov_weapons_minmay
D:2:      layout_loops_ring, nicolae_qazlal_general_emergency, first_ration,
          minmay_puff

Skill      XL: |  1  2  3 |
---------------+----------+-----
Polearms       | 4 |  4.3
Fighting       | 4 |  4.3
Armour         | 3 |  3.3
Dodging        | 2 |  2.2

Action                   |  1- 3 |  4- 6 || total
-------------------------+-------+-------++-------
Melee: Spear             |    81 |       ||    81
       Headbutt          |     9 |       ||     9
  Use: Potion            |       |     1 ||     1
 Stab: Confused          |     1 |       ||     1
Armor: Leather armour    |    21 |       ||    21
Dodge: Dodged            |    29 |     1 ||    30

Table legend:
 A = Non-vault XP
 B = Vault XP
 C = Vault XP percentage of total XP
 D = Non-vault monster count
 E = Vault monster count
 F = Vault count percentage of total count
                 A         B        C        D         E       F
            +---------+---------+-------+---------+---------+-------
      Total |      98 |       0 |   0.0 |      27 |       0 |   0.0
            +---------+---------+-------+---------+---------+-------
        D:1 |      25 |       0 |   0.0 |      13 |       0 |   0.0
        D:2 |      73 |       0 |   0.0 |      14 |       0 |   0.0
            +---------+---------+-------+---------+---------+-------

Levels and vault maps discovered:
D:1:      psy_arrival_radial01, layout_basic, nrook_mini_vaults,
          dk_noncrumbling_3, chequers_arboretum, minmay_misc_feat_roman,
          okawaru_ov_weapons_minmay
D:2:      layout_loops_ring, nicolae_qazlal_general_emergency, first_ration,
          minmay_puff

Table legend:
 A = Turns spent in this place as a percentage of turns spent in the entire game.
 B = Non-inter-level travel turns spent in this place as a percentage of non-inter-level travel turns spent in the entire game.
 C = Inter-level travel turns spent in this place as a percentage of turns spent in this place.
 D = Turns resting spent in this place as a percentage of non-inter-level travel turns spent in this place.
 E = Turns spent auto-exploring this place as a percentage of non-inter-level travel turns spent in this place.
 F = Non-inter-level travel turns spent in this place divided by the number of levels of this place that you've seen.
                   A       B       C       D       E      F
               +-------+-------+-------+-------+-------+----------------------
         Total | 100.0 | 100.0 |   1.9 |  15.2 |  69.0 | 492.0
       Dungeon | 100.0 | 100.0 |   1.9 |  15.2 |  69.0 | 492.0
               +-------+-------+-------+-------+-------+----------------------

Table legend:
 A = Kills in this place as a percentage of kills in entire the game.
 B = Kills by you in this place as a percentage of kills by you in the entire game.
 C = Kills by friends in this place as a percentage of kills by friends in the entire game.
 D = Other kills in this place as a percentage of other kills in the entire game.
 E = Experience gained in this place as a percentage of experience gained in the entire game.
 F = Experience gained in this place divided by the number of levels of this place that you have seen.
                   A       B       C       D       E      F
               +-------+-------+-------+-------+-------+----------------------
         Total | 100.0 | 100.0 |   N/A |   N/A | 100.0 |  49.0
       Dungeon | 100.0 | 100.0 |   N/A |   N/A | 100.0 |  49.0
               +-------+-------+-------+-------+-------+----------------------
